 Dungeon Crawl Stone Soup version 0.20-a0-850-ge5a7832 (webtiles) character file.

85 Beard the Cudgeler (level 4, 0/38 HPs)
             Began as a Draconian Wanderer on Mar 10, 2017.
             Succumbed to an adder's poison
             ... on level 2 of the Dungeon.
             The game lasted 00:03:04 (1086 turns).

Beard the Cudgeler (Draconian Wanderer)             Turns: 1086, Time: 00:03:05

Health: 0/38       AC:  5    Str: 17    XL:     4   Next: 25%
Magic:  4/4        EV: 12    Int: 16    God:
Gold:   32         SH:  0    Dex: 12    Spells: 3/3 levels left

rFire    . . .     SeeInvis .   a - +2 mace
rCold    . . .     Gourm    .   (armour unavailable)
rNeg     . . .     Faith    .   (no shield)
rPois    .         Spirit   .   (helmet restricted)
rElec    .         Reflect  .   (no cloak)
rCorr    .         Harm     .   (no gloves)
MR       .....                  (no boots)
Stlth    ++........             (no amulet)
Regen    0.2/turn               (no ring)
MPRegen  0.1/turn               (no ring)

@: brilliant, lethally poisoned (0 -> -1), exhausted, slowed, very slow
A: unfitting armour, clever 1, screaming 1, no potion heal 1, cold-blooded, AC
+5
a: no special abilities


You were on level 2 of the Dungeon.
You were hungry.

You visited 1 branch of the dungeon, and saw 2 of its levels.

You collected 32 gold pieces.

Inventory:

Hand Weapons
 a - a +2 mace (weapon)
 b - a +0 shortbow
 e - a +0 dagger
Missiles
 c - 35 arrows
Scrolls
 d - 2 scrolls of immolation {unknown}
 h - a scroll of enchant armour {unknown}
Comestibles
 f - 2 bread rations
 j - a fruit
 k - a meat ration


   Skills:
 + Level 3.1 Fighting
 + Level 4.3 Maces & Flails
 + Level 0.5 Bows
 + Level 1.0 Throwing
 + Level 1.3 Dodging
 + Level 1.8 Stealth
   Level 1.0 Evocations


You had 3 spell levels left.
You didn't know any spells.

Dungeon Overview and Level Annotations

Branches:
Dungeon (2/15)

Altars:


Innate Abilities, Weirdness & Mutations

Your plain brown scales are hard. (AC +5)
You cannot fit into any form of body armour.
You are cold-blooded and may be slowed by cold attacks.
Your mind is acute. (Int +2)
You occasionally shout uncontrollably at your foes.
Potions are less effective at restoring your health.


Message History

You are exhausted.
You feel yourself slow down.
It was a potion of mutation.
You feel extremely strange.
You feel the urge to shout.
Your system partially rejects the healing effects of potions.
You feel clever.
* * * LOW HITPOINT WARNING * * *
You feel sick. The frilled lizard misses you.
The frilled lizard closely misses you.
* * * LOW HITPOINT WARNING * * *
You feel sick. The frilled lizard barely misses you.
The frilled lizard misses you.
You barely miss the frilled lizard. You tail-slap the frilled lizard.
You kill the frilled lizard!
* * * LOW HITPOINT WARNING * * *
You feel sick.
Items here: ( ) †† a hunting sling; 23 stones; a frilled lizard corpse; a goblin corpse You die...

..........## ##.
#...........# #...
#...........##....
##.....%..#.......
#..........#......
#.................
#.................
#..?....)..)......
#........†@#......
##........## ....$
##..<..>## ....
#.####.# ... # #.#
.. #.# . #.. #..
##


There were no monsters in sight!

Vanquished Creatures
  2 adders
  An ooze (D:1)
  An adder skeleton (D:1)
  6 dart slugs (D:1)
  A leopard gecko (D:1)
  2 giant cockroaches (D:1)
  10 goblins
  5 hobgoblins
  A ball python (D:1)
  4 bats
  2 frilled lizards
  6 kobolds (D:1)
  4 rats
45 creatures vanquished.

Notes
Turn   | Place    | Note
-------+----------+-------------------------------------------
     0 | D:1      | Beard the Draconian Wanderer began the quest for the Orb.
     0 | D:1      | Beard set off with: a +2 mace, a +0 shortbow, 25 arrows, a scroll of teleportation, a +0 dagger, a bread ration
     0 | D:1      | Reached XP level 1. HP: 17/17 MP: 1/1
    59 | D:1      | Reached XP level 2. HP: 16/25 MP: 2/2
   451 | D:1      | Reached XP level 3. HP: 30/30 MP: 3/3
   521 | D:1      | HP: 1/30 [poisoned by an adder]
   716 | D:1      | Reached skill level 4 in Maces & Flails
   965 | D:1      | Reached XP level 4. HP: 35/38 MP: 4/4
  1075 | D:2      | HP: 2/57 [poisoned by an adder]
  1077 | D:2      | Gained mutation: You occasionally shout uncontrollably at your foes. [potion of mutation]
  1077 | D:2      | Gained mutation: Potions are less effective at restoring your health. [potion of mutation]
  1077 | D:2      | Gained mutation: Your mind is acute. (Int +2) [potion of mutation]
  1081 | D:2      | HP: 1/38 [poisoned by an adder]
  1086 | D:2      | Succumbed to an adder's poison

Vault maps used:
D:1:      tarquinn_simple_flora_water_f
D:2:      fedhas_altar_1, minmay_misc_feat_iff, st_stairs_6

Skill      XL: |  1  2  3 |
---------------+----------+-----
Maces & Flails | 4 |  4.3
Fighting       | 3 |  3.1
Bows           | |  0.5
Throwing       | |  1.0
Dodging        | |  1.3
Stealth        | |  1.8
Evocations     | |  1.0

Action                   |  1- 3 |  4- 6 || total
-------------------------+-------+-------++-------
Melee: Mace              |    80 |    18 ||    98
       Tailslap          |     5 |     1 ||     6
 Fire: Shortbow          |     3 |       ||     3
  Use: Scroll            |     1 |       ||     1
       Potion            |       |     3 ||     3
 Stab: Sleeping          |     2 |       ||     2
Armor: Skin              |    23 |    10 ||    33
Dodge: Dodged            |    39 |    38 ||    77
